 Dungeon Crawl Stone Soup version 0.30-a0-509-gd016549fea (webtiles) character file.

Game seed: 11822335127764712997

1852 kae the Destroyer (level 9, -15/45 HPs)
             Began as a Tengu Fire Elementalist on Dec 22, 2022.
             Was an Initiate of Vehumet.
             Killed by an exploding Pikel (39 damage)
             ... ignited by their inner flame
             ... on level 7 of the Dungeon.
             The game lasted 00:07:37 (7220 turns).

kae the Destroyer (Tengu Fire Elementalist)         Turns: 7220, Time: 00:07:38

Health: -15/45     AC:  3    Str:  9    XL:     9   Next: 12%
Magic:  9/17       EV: 14    Int: 20    God:    Vehumet [......]
Gold:   350        SH:  5    Dex: 14    Spells: 8/18 levels left

rFire   . . .      SeeInvis .    c - +1 whip (venom)
rCold   + . .      Faith    .    o - orb {light}
rNeg    . . .      Spirit   .    a - +0 robe
rPois   .          Reflect  +    (helmet restricted)
rElec   .          Harm     .    (no cloak)
rCorr   .          Rampage  .    e - +0 pair of gloves
Will    +....                    (boots unavailable)
Stlth   +.........               x - amulet of reflection
HPRegen 0.27/turn                C - ring of protection from cold
MPRegen 0.15/turn                w - ring of willpower

@: flying quickly and evasively, glowing, quick
A: beak, talons 3, nimble flight
a: Renounce Religion


You were on level 7 of the Dungeon.
You worshipped Vehumet.
Vehumet was noncommittal.
You visited 2 branches of the dungeon, and saw 8 of its levels.

You collected 350 gold pieces.


Innate Abilities, Weirdness & Mutations

You have a beak for a mouth.
You have claws for feet.
Your magical nature lets you fly swiftly and evasively.


   Skills:
 - Level 2.1 Dodging
 - Level 2.0 Stealth
 + Level 5.0 Spellcasting
 * Level 9.6 Conjurations
 * Level 8.7 Fire Magic


You had 8 spell levels left.
You knew the following spells:

 Your Spells              Type           Power      Damage    Failure   Level
a - Foxfire               Conj/Fire      100%       2x1d9     1%          1
b - Scorch                Fire           78%        2d8       1%          2
c - Inner Flame           Hex/Fire       22%        N/A       6%          3
d - Flame Wave            Conj/Fire      41%        2d11      2%          4

Your spell library contained the following spells:

 Spells                   Type           Power      Damage    Failure   Level
 Magic Dart               Conj           100%       1d8       1%          1
 Iskenderun's Battlesphe  Conj           43%        2d9       6%          5
 Mephitic Cloud           Conj/Pois/Air  17%        N/A       10%         3
 Kindle Blastsparks       Fire/Tloc/Air  32%        2d12      11%         3
 Call Imp                 Summ           5%         N/A       17%         2
 Ensorcelled Hibernation  Hex/Ice        10%        N/A       17%         2
 Passwall                 Tmut/Erth      4%         N/A       17%         2
 Spider Form              Tmut/Pois      5%         N/A       34%         3
 Swiftness                Air            5%         N/A       34%         3
 Anguish                  Hex/Necr       2%         N/A       75%         4
 Animate Armour           Summ/Erth      10%        N/A       75%         4
 Iron Shot                Conj/Erth      12%        9d3       94%         6
 Blade Hands              Tmut           2%         N/A       97%         5
 Spellforged Servitor     Conj/Summ      12%        N/A       100%        7

Inventory:

Hand Weapons
 c - a +1 whip of venom (weapon)
   (You took it off an orc on level 3 of the Dungeon)
Missiles
 j - 53 stones
 q - 2 boomerangs
 u - 2 throwing nets {=f!f}
 B - 6 poisoned darts
Armour
 a - a +0 robe (worn)
 e - a +0 pair of gloves (worn)
   (You found it on level 1 of the Dungeon)
 o - an orb of light (worn)
   (You took it off an orc on level 3 of the Dungeon)
Magical Staves
 i - a staff of earth {!a}
   (You found it on level 3 of the Dungeon)
 A - a staff of cold {!a}
   (You found it on level 6 of the Dungeon)
Jewellery
 w - a ring of willpower (right hand)
   (You found it on level 5 of the Dungeon)
 x - an amulet of reflection (around neck)
   (You found it on level 6 of the Dungeon)
 C - a ring of protection from cold (left hand)
   (You took it off a kobold on level 2 of the Dungeon)
 G - an amulet of guardian spirit
   (You found it on level 4 of the Dungeon)
Wands
 s - a wand of flame (28)
   (You found it on level 4 of the Dungeon)
Scrolls
 b - a scroll of butterflies {unknown}
 f - a scroll of enchant weapon
 l - 3 scrolls of fear
 v - 2 scrolls of teleportation {@r4}
 E - a scroll of magic mapping {!r}
Potions
 d - a potion of brilliance {unknown}
 g - 2 potions of degeneration {unknown}
 h - 2 potions of attraction {unknown}
 k - 3 potions of heal wounds {@q2}
 m - 2 potions of mutation {!q}
 n - 3 potions of might
 p - a potion of curing {@q1}
 r - a potion of haste {@q3}
 D - a potion of flight {unknown}

Dungeon Overview and Level Annotations

Branches:
Dungeon (7/15) Zot: 25683  Temple (1/1) D:6 Zot: 5864

Altars:
Ashenzari
Cheibriados
Dithmenos
Elyvilon
Fedhas
Kikubaaqudgha
Makhleb
Nemelex Xobeh
Okawaru
Qazlal
Ru
Sif Muna
Trog
Uskayaw
Vehumet
Wu Jian
Xom
Yredelemnul
Zin
The Shining One

####.÷.#####.##....# #.....#
..............####..####.....#
....................#........#
......................##.....#
####......####.##.#...##.....#
#.......# #.##.#...########
#.....#.# #5##.....# #.....#.#
#§####..## #.....#.# #§§@....#
##.D ######.#### .... ##....##
# ... #......# .#.##§#######
#5#.5..###.##. .....§§§§##.##
#.##.......... .#.##......#.#
#.####<####### #...§##.##
#5####K# .....##.##.# #......#


There were no monsters in sight!


Message History

The lemure hits you! 😕 HP[-7] MP[-2]
You take 7 damage, and now have 38/45 hp.
You lost 2 mp, and now have 13/17 mp.
The lemure shouts!
You hit the lemure.
The lemure is poisoned.
You claw the lemure, but do no damage. Your peck misses the lemure.
You block the lemure's attack. 😕 MP[+1]
You hit the lemure.
The lemure looks as sick as possible!
Pikel says, "Hell isn't that bad."
You kill the lemure!
That felt strangely unrewarding. 😕 HP[+1] 😕 HP[+1] MP[+1] 😕 HP[+1] 😕 MP[+1] 😕 HP[+1] 😕 HP[+1] Pikel says, "You'll feel the lick of my whip!" 😕 MP[+1]
Your mp is fully restored (17). 😕 HP[+1] 😎 HP[+1]
Your hp is fully restored (45).
You see here 3 large rocks {=f}.
Pikel says, "You'll feel the lick of my whip!"
The lemure hits you. 😕 HP[-3]
You take 3 damage, and now have 42/45 hp. 😕 HP[+1] 😕 HP[+1] 😎 HP[+1]
Your hp is fully restored (45).
Pikel says, "Hell isn't that bad."
Casting: Scorch (safe; 1% risk of failure)
Confirm with . or Enter, or press ? or * to list all spells.
Aiming: Inner Flame (dangerous; 6% risk of failure)
Press: ? - help, Dir - move target, f - Pikel
Aim: Pikel, wielding a +2 whip of freezing and wearing a +2 robe of fire resistance (chance to affect: 78%) Pikel barely resists. 😎 MP[-3]
You lost 3 mp, and now have 14/17 mp.
Casting: Inner Flame (dangerous; 6% risk of failure)
Confirm with . or Enter, or press ? or * to list all spells.
You conjure some foxfire!
The foxfire hits Pikel.
Pikel resists.
Pikel cracks his whip.
The foxfire hits Pikel.
Pikel resists. 😎 MP[-1]
You lost 1 mp, and now have 13/17 mp.
Casting: Foxfire (safe; 1% risk of failure)
Confirm with . or Enter, or press ? or * to list all spells.
Aiming: Inner Flame (dangerous; 6% risk of failure)
Press: ? - help, Dir - move target, f/p - Pikel
Aim: Pikel, wielding a +2 whip of freezing and wearing a +2 robe of fire resistance (lightly wounded, chance to affect: 78%) Pikel is filled with an inner flame. 😎 MP[-3]
You lost 3 mp, and now have 10/17 mp.
Casting: Inner Flame (dangerous; 6% risk of failure)
Confirm with . or Enter, or press ? or * to list all spells.
Flames lash Pikel.
Pikel resists.
Flame seeps out of Pikel.
Pikel's fire resistance burns away.
Pikel is engulfed in blazing flames.
Flame seeps out of Pikel. 😎 MP[-1]
You lost 1 mp, and now have 9/17 mp.
Casting: Scorch (safe; 1% risk of failure)
Confirm with . or Enter, or press ? or * to list all spells.
You conjure some foxfire!
You block Pikel's attack.
The foxfire hits Pikel but does no damage.
Pikel waves his whip at you.
Pikel hits you but does no damage. 😎 MP[-1]
You lost 1 mp, and now have 8/17 mp.
Pikel is no longer more vulnerable to fire.
Pikel hits you with a +2 whip of freezing!
Pikel freezes you. 😕 HP[-10]
You take 10 damage, and now have 35/45 hp.
MASSIVE DAMAGE!! (PAUSE)
You hit Pikel but do no damage.
Flame seeps out of Pikel.
You claw Pikel. Your peck misses Pikel.
Pikel is engulfed in blazing flames.
Flame seeps out of Pikel.
Pikel hits you with a +2 whip of freezing!
Pikel freezes you. 😮 HP[-12]
You take 12 damage, and now have 23/45 hp.
MASSIVE DAMAGE!! (PAUSE) Pikel is engulfed in blazing flames.
Flame seeps out of Pikel.
You barely miss Pikel. Your kick misses Pikel.
Pikel says, "I just want to get paid!"
Pikel completely misses you.
Unknown command.
Unknown command.
You hit Pikel but do no damage.
Pikel is poisoned.
You claw Pikel, but do no damage. Vehumet accepts your kill.
The fiery explosion engulfs you!!!
Ouch! That really hurt!
You die...

Skill      XL: |  1  2  3  4  5  6  7  8  9 |
---------------+----------------------------+-----
Conjurations   | 2 3 4 5 6 7 9 |  9.6
Fire Magic     | 4 5 6 8 |  8.7
Spellcasting   | 3 4 5 |  5.0
Dodging        | |  2.1
Stealth        | |  2.0

Action                   |  1- 3 |  4- 6 |  7- 9 || total
-------------------------+-------+-------+-------++-------
Melee: Unarmed           |    18 |       |       ||    18
       Kick              |     3 |       |     5 ||     8
       Peck              |     6 |       |     2 ||     8
       Whip              |       |       |    11 ||    11
 Cast: Foxfire           |    59 |   108 |    55 ||   222
       Scorch            |     1 |    22 |    39 ||    62
       Inner Flame       |       |       |     8 ||     8
       Flame Wave        |       |       |     1 ||     1
  Use: Scroll            |     7 |     4 |     4 ||    15
       Potion            |       |     2 |     2 ||     4
Armor: Robe              |     7 |     1 |     8 ||    16
       Skin              |       |       |    13 ||    13
Dodge: Dodged            |    24 |    33 |    37 ||    94
Block: Orb               |       |       |    12 ||    12

Levels and vault maps discovered:
D:1:      beargit_arrival_diablo_church, layout_basic
D:2:      layout_rooms, minmay_split_cup_small
D:3:      layout_loops_ring, kennysheep_generic_room_12
D:4:      layout_gridville, grunt_temple_overflow_forces_of_nature
D:5:      layout_loops_ring, nicolae_overflow_crystal_walls,
          mrwooster_statue_mirror
D:6:      layout_basic, minmay_temple_entry_sparse_star
D:7:      layout_loops_cross, makhleb_heckhound_becter, corexii_checkpoint_a,
          uniq_pikel, uniq_prince_ribbit1
Temple:   kb_temple_of_zot

Notes
Turn   | Place    | Note
-------+----------+-------------------------------------------
     0 | D:1      | kae the Tengu Fire Elementalist began the quest for the
                  | Orb.
     0 | D:1      | Reached XP level 1. HP: 10/10 MP: 4/4
     0 | D:1      | magus.rc [v1.11.3]
   348 | D:1      | Reached skill level 2 in Conjurations
   348 | D:1      | Reached XP level 2. HP: 15/15 MP: 1/6
   671 | D:1      | You fall into a shaft and drop 1 floor!
   702 | D:2      | Reached XP level 3. HP: 19/19 MP: 4/7
   705 | D:2      | Learned a level 2 spell: Scorch
   709 | D:2      | Learned a level 3 spell: Inner Flame
   876 | D:2      | Reached skill level 4 in Fire Magic
  1211 | D:2      | Reached skill level 3 in Conjurations
  1568 | D:3      | Reached XP level 4. HP: 24/24 MP: 2/8
  1744 | D:3      | You pick up a book of Burglary and begin reading...
  1744 | D:3      | You add the spells Passwall, Ensorcelled Hibernation and
                  | Swiftness to your library.
  1959 | D:3      | HP: 6/24 [orc/+0 club (3)]
  2154 | D:3      | You pick up a book of Dreams and begin reading...
  2154 | D:3      | You add the spells Spider Form and Anguish to your library.
  2206 | D:3      | Reached skill level 4 in Conjurations
  2206 | D:3      | Gained mutation: Your magical nature lets you fly swiftly
                  | and evasively. [Tengu growth]
  2206 | D:3      | Reached XP level 5. HP: 21/28 MP: 3/10
  2272 | D:4      | You pick up a book of Minor Magic and begin reading...
  2272 | D:4      | You add the spells Magic Dart, Call Imp and Mephitic Cloud
                  | to your library.
  2314 | D:4      | You pick up a book of Iron and begin reading...
  2314 | D:4      | You add the spells Animate Armour, Blade Hands and Iron
                  | Shot to your library.
  2505 | D:4      | Reached skill level 5 in Fire Magic
  2606 | D:4      | Noticed an ogre
  2622 | D:4      | Killed an ogre
  2623 | D:4      | Reached skill level 3 in Spellcasting
  2623 | D:4      | Reached skill level 5 in Conjurations
  2623 | D:4      | Reached XP level 6. HP: 32/32 MP: 5/11
  3251 | D:4      | Found a stormy altar of Qazlal.
  3258 | D:4      | Found a blossoming altar of Fedhas.
  3776 | D:5      | Entered Level 5 of the Dungeon
  3882 | D:5      | Reached skill level 6 in Conjurations
  3882 | D:5      | Reached skill level 6 in Fire Magic
  3882 | D:5      | Reached XP level 7. HP: 31/36 MP: 6/13
  4722 | D:5      | Found a white marble altar of Elyvilon.
  4728 | D:5      | Learned a level 4 spell: Flame Wave
  4944 | D:6      | Reached skill level 7 in Conjurations
  5113 | D:6      | Reached skill level 4 in Spellcasting
  5113 | D:6      | Reached XP level 8. HP: 41/41 MP: 9/15
  5157 | D:6      | You pick up a book of Dreams and begin reading...
  5174 | D:6      | Found the +3 woodcutter's axe {vorpal}
  5338 | D:6      | Found a staircase to the Ecumenical Temple.
  5390 | Temple   | Entered the Ecumenical Temple
  5518 | Temple   | Became a worshipper of Vehumet
  5591 | D:6      | Reached skill level 7 in Fire Magic
  6066 | D:7      | Noticed Pikel
  6436 | D:7      | Found a burning altar of Makhleb.
  6459 | D:7      | You pick up a book of Power and begin reading...
  6459 | D:7      | You add the spells Iskenderun's Battlesphere and
                  | Spellforged Servitor to your library.
  6527 | D:7      | Reached skill level 8 in Conjurations
  6764 | D:7      | Reached skill level 8 in Fire Magic
  6833 | D:7      | Noticed Prince Ribbit
  6841 | D:7      | Killed Prince Ribbit
  6842 | D:7      | Reached skill level 9 in Conjurations
  6861 | D:7      | Reached XP level 9. HP: 39/45 MP: 9/17
  7005 | D:7      | HP: 6/45 [steam dragon] (11)]
  7010 | D:7      | Reached skill level 5 in Spellcasting
  7220 | D:7      | Killed Pikel
  7220 | D:7      | Killed by an exploding Pikel... ignited by their inner
                  | flame

Vanquished Creatures
  Pikel (D:7)
  Prince Ribbit (D:7)
  2 steam dragons (D:7)
  2 water moccasins
  An ogre (D:4)
  A centaur (D:7)
  A phantom (D:5)
  3 lemures (D:7)
  A scorpion (D:6)
  4 wights (D:7)
  3 howler monkeys (D:7)
  4 hounds
  2 jellies (D:5)
  An orc priest (D:5)
  5 iguanas
  8 gnolls
  7 adders
  2 dart slugs
  17 orcs
  9 endoplasms
  4 giant cockroaches
  11 goblins
  5 hobgoblins
  9 jackals
  10 kobolds
  2 quokkas (D:3)
  4 ball pythons
  5 bats
  2 frilled lizards
  7 rats
134 creatures vanquished.

Vanquished Creatures (collateral kills)
  A foxfire (D:4)
1 creature vanquished.

Vanquished Creatures (others)
  360 foxfires
  3 fungi (D:4)
  A plant (D:4)
364 creatures vanquished.

Grand Total: 499 creatures vanquished

Table legend:
 A = Non-vault XP
 B = Vault XP
 C = Vault XP percentage of total XP
 D = Non-vault monster count
 E = Vault monster count
 F = Vault count percentage of total count
                 A         B        C        D         E       F
            +---------+---------+-------+---------+---------+-------
      Total |    2321 |     942 |  28.9 |     121 |      10 |   7.6
            +---------+---------+-------+---------+---------+-------
        D:1 |      28 |       0 |   0.0 |      16 |       0 |   0.0
        D:2 |      31 |       4 |  11.4 |      12 |       3 |  20.0
        D:3 |     113 |       2 |   1.7 |      32 |       2 |   5.9
        D:4 |     318 |       0 |   0.0 |      23 |       0 |   0.0
        D:5 |     458 |       0 |   0.0 |      21 |       0 |   0.0
        D:6 |     304 |       0 |   0.0 |       5 |       0 |   0.0
        D:7 |    1069 |     936 |  46.7 |      12 |       5 |  29.4
            +---------+---------+-------+---------+---------+-------

Illustrated notes

Table legend:
 A = Kills in this place as a percentage of kills in entire the game.
 B = Kills by you in this place as a percentage of kills by you in the entire game.
 C = Kills by friends in this place as a percentage of kills by friends in the entire game.
 D = Other kills in this place as a percentage of other kills in the entire game.
 E = Experience gained in this place as a percentage of experience gained in the entire game.
 F = Experience gained in this place divided by the number of levels of this place that you have seen.
                   A       B       C       D       E      F
               +-------+-------+-------+-------+-------+----------------------
         Total | 100.0 | 100.0 |   N/A |   N/A | 100.0 | 407.9
       Dungeon | 100.0 | 100.0 |   N/A |   N/A | 100.0 | 466.1
               +-------+-------+-------+-------+-------+----------------------

Table legend: (Time is in decaauts)
 A = Elapsed time spent in this place.
 B = Non-inter-level travel time spent in this place.
 C = Inter-level travel time spent in this place.
 D = Time resting spent in this place.
 E = Time spent auto-exploring this place.
 F = Levels seen in this place.
 G = Mean time per level.
                   A        B        C        D        E       F      G
               +--------+--------+--------+--------+--------+-----+--------+
         Total |   6935 |   6664 |    271 |    530 |   4896 |   8 |  866.9 |
       Dungeon |   6799 |   6575 |    224 |    530 |   4819 |   7 |  971.3 |
        Temple |    136 |     89 |     47 |      0 |     77 |   1 |  136.0 |
               +--------+--------+--------+--------+--------+-----+--------+

Top non-repeatable levels by time:
     D:4: 1159 daAuts
     D:7: 1089 daAuts
     D:5: 1089 daAuts
     D:3: 1084 daAuts
     D:6: 936 daAuts
     D:2: 769 daAuts
     D:1: 671 daAuts
  Temple: 136 daAuts
